 Dungeon Crawl Stone Soup version 0.31.0-4-g52a2dc7128 (webtiles) character file.

Game seed: 6889898379842320321

32 DemonSlayer the Digger (level 3, 0/24 HPs)
             Began as a Demonspawn Earth Elementalist on Jan 22, 2024.
             Slain by a hobgoblin (3 damage)
             ... on level 1 of the Dungeon.
             The game lasted 00:00:59 (735 turns).

DemonSlayer the Digger (DsEE)                        Turns: 735, Time: 00:01:00

Health: 0/24       AC:  2    Str:  8    XL:     3   Next: 10%
Magic:  2/6        EV: 12    Int: 15    God:
Gold:   33         SH:  0    Dex: 15    Spells: 5/6 levels left

rFire   . . .        f - +0 dagger
rCold   . . .        (no shield)
rNeg    . . .        a - +0 robe
rPois   .            (helmet restricted)
rElec   .            (no cloak)
rCorr   .            (no gloves)
SInv    .            (no boots)
Will    .....        (no amulet)
Stlth   ++           (no ring)
HPRegen 0.24/turn    (no ring)
MPRegen 0.10/turn

%: no passive effects
@: no status effects
A: antennae 1, weakness stinger 1
a: no special abilities


You were on level 1 of the Dungeon.
You visited 1 branch of the dungeon, and saw 1 of its levels.

You collected 33 gold pieces.

Inventory:

Hand Weapons
 f - a +0 dagger (weapon)
Armour
 a - a +0 robe (worn)
Scrolls
 c - a scroll of poison {unknown}
 d - a scroll of identify {unknown}
Potions
 b - a potion of magic
 e - a potion of haste {unknown}


   Skills:
 + Level 0.1 Short Blades
 + Level 2.0 Dodging
 + Level 2.0 Stealth
 + Level 0.1 Unarmed Combat
 + Level 2.2 Spellcasting
 + Level 1.0 Conjurations
 + Level 3.4 Earth Magic


You had 5 spell levels left.
You knew the following spells:

 Your Spells              Type           Power      Damage    Failure   Level
a - Sandblast             Erth           22%        2d7       5%          1

Your spell library contained the following spells:

 Spells                   Type           Power      Damage    Failure   Level
 Passwall                 Erth           11%        N/A       16%         3
 Stone Arrow              Conj/Erth      16%        3d8       26%         3
 Hailstorm                Conj/Ice       3%         3d5       47%         3
 Summon Ice Beast         Ice/Summ       1%         N/A       54%         3
 Brom's Barrelling Bould  Conj/Erth      8%         2d3       65%         4
 Petrify                  Alch/Erth      6%         N/A       71%         4
 Sculpt Simulacrum        Ice/Alch       0%         N/A       100%        6


Dungeon Overview and Level Annotations

Branches:
Dungeon (1/15)

Altars:


Innate Abilities, Weirdness & Mutations

You have a pair of small antennae on your head.
You have a small tail.


Message History

You see here a jackal corpse.
You hit the giant cockroach but do no damage.
The giant cockroach closely misses you. The jackal bites you.
You hit the giant cockroach. Your punch misses the giant cockroach.
The giant cockroach is moderately wounded.
The giant cockroach bites you.
The jackal bites you but does no damage.
The jackal closely misses you. The giant cockroach misses you.
You barely miss the giant cockroach.
The giant cockroach is moderately wounded.
The jackal bites you but does no damage.
The giant cockroach barely misses you.
You closely miss the giant cockroach.
The giant cockroach is moderately wounded.
The jackal bites you.
* * * LOW HITPOINT WARNING * * *
The giant cockroach bites you but does no damage.
You hit the giant cockroach.
The giant cockroach is heavily wounded.
The jackal misses you. The giant cockroach closely misses you.
The jackal barely misses you.
You hit the giant cockroach.
You kill the giant cockroach!
The jackal barely misses you.
You hit the goblin. You tail-slap the goblin.
You kill the goblin!
The jackal bites you but does no damage.
The jackal bites you.
* * * LOW HITPOINT WARNING * * *
Your Dodging skill increases to level 2!
You barely miss the hobgoblin. You tail-slap the hobgoblin.
The hobgoblin is severely wounded.
The jackal closely misses you. The hobgoblin hits you.
* * * LOW HITPOINT WARNING * * *
You hit the hobgoblin.
The hobgoblin is almost dead.
The jackal bites you.
* * * LOW HITPOINT WARNING * * *
The hobgoblin hits you.
You die...

........†.....#
.........####.#
..####.#......#
+
#.#####..#####
..#####......#
.#. ...#.).##.#
#. ##.#....#.#
# #.........#
#@.##....##
#gh......#
,#K#####..# ...
..# .#.. ..#
...... .# .#
#... .. .#.##


You could see a jackal, a hobgoblin and a kobold.

Vanquished Creatures
  A ball python (D:1)
  5 bats (D:1)
  2 endoplasms (D:1)
  2 giant cockroaches (D:1)
  5 goblins (D:1)
  A hobgoblin (D:1)
  3 jackals (D:1)
  2 quokkas (D:1)
  4 frilled lizards (D:1)
  2 kobolds (D:1)
  2 rats (D:1)
29 creatures vanquished.

Notes
Turn   | Place    | Note
-------+----------+-------------------------------------------
     0 | D:1      | DemonSlayer the Demonspawn Earth Elementalist began the
                  | quest for the Orb.
     0 | D:1      | Reached XP level 1. HP: 13/13 MP: 3/3
   141 | D:1      | Reached skill level 3 in Earth Magic
   227 | D:1      | Discovered your monstrous ancestry.
   227 | D:1      | Gained mutation: You have a small tail. [demonic ancestry]
   227 | D:1      | Reached XP level 2. HP: 17/19 MP: 3/5
   722 | D:1      | Gained mutation: You have a pair of small antennae on your
                  | head. [demonic ancestry]
   722 | D:1      | Reached XP level 3. HP: 21/24 MP: 1/6
   735 | D:1      | Slain by a hobgoblin

Illustrated notes

Levels and vault maps discovered:
D:1:      elethiomel_arrival_quiet, layout_basic, st_stairs_8, amethyst_killhole

Skill      XL: |  1  2  3 |
---------------+----------+-----
Earth Magic    | 3 |  3.4
Stealth        | 2 |  2.0
Dodging        | 2 |  2.0
Short Blades   | |  0.1
Unarmed Combat | |  0.1
Spellcasting   | |  2.2
Conjurations   | |  1.0

Action                     || total
---------------------------++-------
  Melee: Unarmed           ||    15
         Tailslap          ||     4
         Dagger            ||    13
   Cast: Sandblast         ||    35
   Stab: Sleeping          ||     1
 Armour: Robe              ||    40
  Dodge: Dodged            ||    44
